 Seeded DCSS version 0.28.0-53-g5a82cb258f (webtiles) character file.

Game seed: 14340215146701517613 (custom seed)

4062 dozzold the Basher (level 10, 0/77 HPs)
             Began as a Demonspawn Chaos Knight on May 29, 2022.
             Was a Plaything of Xom.
             Killed by divine providence
             ... invoked by an orc priest
              (12 damage)
             ... on level 8 of the Dungeon.
             The game lasted 00:15:16 (9769 turns).

dozzold the Basher (Demonspawn Chaos Knight)        Turns: 9769, Time: 00:15:16

Health: 0/77       AC:  7    Str: 26    XL:     10   Next: 5%
Magic:  10/10      EV: 10    Int: 17    God:    Xom [...*..]
Gold:   538        SH:  0    Dex: 14    Spells: 9/9 levels left

rFire   . . .      SeeInvis .   f - +1 club (spect)
rCold   . . .      Faith    .   (no shield)
rNeg    . . .      Spirit   .   v - +1 scale mail
rPois   .          Reflect  .   (helmet restricted)
rElec   .          Harm     .   (no cloak)
rCorr   .          Rampage  .   (gloves unavailable)
Will    +....      Clarity  +   (no boots)
Stlth   ..........              (no amulet)
HPRegen 0.22/turn               g - +6 ring of strength
MPRegen 0.12/turn               (no ring)

@: hasted, very quick
A: foul stench 1, demonic touch 3, horns 1, clarity, clever 2, strong-willed 1,
robust 1, strong 2, wild magic 2, MP-powered wands
a: Renounce Religion


You were on level 8 of the Dungeon.
You worshipped Xom.
You were a favourite toy of Xom.
You visited 1 branch of the dungeon, and saw 8 of its levels.

You collected 538 gold pieces.

Inventory:

Hand Weapons
 f - a +1 spectral club (weapon)
Armour
 v - a +1 scale mail (worn)
Jewellery
 g - a +6 ring of strength (left hand)
Scrolls
 h - a scroll of brand weapon {unknown}
 j - a scroll of amnesia
 l - a scroll of vulnerability {unknown}
 p - a scroll of fear {unknown}
 q - a scroll of enchant armour
 s - a scroll of blinking
 w - a scroll of magic mapping {unknown}
 y - a scroll of noise {unknown}
Potions
 a - 3 potions of attraction
 d - a potion of resistance
 k - 4 potions of curing
 m - a potion of brilliance
 o - 3 potions of might
 x - a potion of magic {unknown}


   Skills:
 - Level 3.0 Fighting
 + Level 13.5 Maces & Flails
 - Level 1.7 Armour
 - Level 0.8 Dodging


You had 9 spell levels left.
You didn't know any spells.
Your spell library contained the following spells:

 Spells                   Type           Power      Damage    Failure   Level
 Static Discharge         Conj/Air       0%         N/A       78%         2
 Inner Flame              Hex/Fire       0%         N/A       94%         3
 Alistair's Intoxication  Tmut/Pois      0%         N/A       100%        5
 Borgnjor's Vile Clutch   Necr/Erth      0%         N/A       100%        5
 Eringya's Noxious Bog    Tmut/Pois      0%         N/A       100%        6
 Iron Shot                Conj/Erth      0%         9d1       100%        6
 Fire Storm               Conj/Fire      0%         5d1       100%        9


Dungeon Overview and Level Annotations

Branches:
Dungeon (8/15)             Temple (0/1) D:5
   Lair: D:8-11

Altars:
Ashenzari
Dithmenos
Gozag
Okawaru
Sif Muna
Uskayaw
Xom

Shops:
D:3 =

Annotations:
D:8 2 runed translucent doors, Harold


Innate Abilities, Weirdness & Mutations

You may rarely emit foul miasma when damaged in melee.
Your touch may irresistibly damage your foes and sap their willpower.
You have a pair of small horns on your head.
You possess an exceptional clarity of mind.
Your mind is very acute. (Int +4)
You are strong-willed. (Will+)
You are robust. (+10% HP)
Your muscles are very strong. (Str +4)
Your spells are harder to cast, but more powerful.
You expend magic power (3 MP) to strengthen your wands.


Message History

* * * LOW HITPOINT WARNING * * *
The orc warrior throws a silver boomerang.
The silver boomerang hits you.
* * * LOW HITPOINT WARNING * * *
The silver sears you!
* * * LOW HITPOINT WARNING * * *
A killer bee comes into view.
A killer bee comes into view.
The orc warrior throws a silver boomerang.
The silver boomerang closely misses you.
A two-headed ogre comes into view.
It is wielding a +0 giant club and a +0 dire flail.
Harold the Weathered comes into view.
He is wielding a +0 flail and carrying a wand of iceblast (6).
An orc priest comes into view. It is wielding a +0 trident.
You feel better.
The two-headed ogre shouts in stereo!
The orc priest shouts! "This might be better!"
Harold is moving more slowly.
The orc warrior throws a silver boomerang.
The silver boomerang hits you but does no damage.
The silver sears you!
* * * LOW HITPOINT WARNING * * *
You feel better. Something hits you.
* * * LOW HITPOINT WARNING * * *
You miss something. You headbutt something!
Reactivating autopickup.
You feel a bit more experienced. "Serve the mortal, my children!"
Harold fires a harpoon shot at you. The harpoon shot hits you.
* * * LOW HITPOINT WARNING * * *
You are yanked forward by the harpoon shot.
A killer bee comes into view.
The orc warrior throws a silver boomerang.
The silver boomerang misses you. Xom grants you some temporary aid.
Your crimson imp blinks!
The orc priest invokes the aid of Beogh against you.
Beogh smites you!
You die...
Xom snickers!

, , , , ** **, , ** *,
>, ,, , , ###.#*..., ,,
,, ,, ,, ,, *
###...##..#* , ,, ,, * ,
,,,** ###........#.. , ,
* , , **
##..........#..,,, ,,, *
*, **
##............##**** ***
** ** *#...............
,, , .............##****
, , ######
#........@.y....# *, ,
.....# ........oO.@....#
*, **
......*#...............#
* * *
......,#.....o.5.5.5...#
*..***
......,#.....5..y.....##
*##.. ,,
#####.,,#....ยง..y....##
##...#.,, ,,8 *,
#..........## ##.....###
,,, *,,#...55....##
##........# *, *, *
##.......#####..........


You could see Harold (petrifying, ally target), a two-headed ogre, an orc
warrior, 3 killer bees, an orc priest, 3 friendly crimson imps, a friendly white
imp (summoned), a friendly shadow imp (summoned) and a friendly ufetubus
(summoned).

Vanquished Creatures
  A centaur warrior (D:8)
  3 steam dragons
  A vampire mosquito (D:8)
  A warg (D:6)
  A water moccasin (D:8)
  The ghost of aChris07 the Digger, an amateur GrEE (D:4)
  3 ice beasts
  3 phantoms
  Blork the orc (D:4)
  5 bullfrogs
  A water moccasin zombie (D:5)
  A scorpion (D:6)
  A water moccasin skeleton (D:6)
  7 killer bees
  3 wights
  A howler monkey (D:8)
  2 centaur zombies
  A bullfrog zombie (D:6)
  3 hounds
  5 jellies
  An orc priest (D:6)
  A gnoll shaman (D:8)
  A centaur skeleton (D:7)
  Jessica (D:2)
  2 iguanas
  2 orc wizards (D:6)
  Natasha (thrice) (D:2)
  4 killer bee zombies
  A hound zombie (D:3)
  3 gnolls (D:4)
  3 adders
  2 white imps (D:7)
  An ufetubus (D:5)
  An adder skeleton (D:4)
  2 worms (D:2)
  3 dart slugs (D:4)
  24 orcs
  7 ball pythons
  4 endoplasms
  A giant cockroach (D:4)
  4 goblins
  9 hobgoblins
  15 kobolds
  4 bats
  2 frilled lizards
  4 rats
150 creatures vanquished.

Vanquished Creatures (collateral kills)
  A water moccasin (D:7)
  A wyvern skeleton (D:7)
  An orc wizard (D:7)
  A white imp (D:7)
4 creatures vanquished.

Vanquished Creatures (others)
  3 fungi (D:6)
  5 toadstools (D:6)
8 creatures vanquished.

Grand Total: 162 creatures vanquished

Notes
Turn   | Place    | Note
-------+----------+-------------------------------------------
     0 | D:1      | dozzold the Demonspawn Chaos Knight began the quest for the
                  | Orb.
     0 | D:1      | Reached XP level 1. HP: 18/18 MP: 1/1
    51 | D:1      | Reached skill level 3 in Maces & Flails
    63 | D:1      | XOM: divination: detect creatures
   102 | D:1      | Gained mutation: Your touch may inflict minor irresistible
                  | damage on your foes. [demonic ancestry]
   102 | D:1      | Reached XP level 2. HP: 19/24 MP: 2/2
   496 | D:1      | Found a faded altar of an unknown god.
   514 | D:1      | HP: 1/24 [hobgoblin (1)]
   837 | D:1      | XOM: 3-stop teleportation journey
   990 | D:1      | Gained mutation: Armour fits poorly on your strangely
                  | shaped body. [potion of mutation]
   990 | D:1      | Gained mutation: You have large cloven feet. [potion of
                  | mutation]
  1030 | D:2      | XOM: silly message
  1030 | D:2      | Noticed Jessica
  1044 | D:2      | Killed Jessica
  1045 | D:2      | Reached skill level 4 in Maces & Flails
  1045 | D:2      | Gained mutation: You may rarely emit foul miasma when
                  | damaged in melee. [demonic ancestry]
  1045 | D:2      | Reached XP level 3. HP: 21/29 MP: 3/3
  1228 | D:2      | Lost mutation: Armour fits poorly on your strangely shaped
                  | body. [potion of mutation]
  1228 | D:2      | Lost mutation: You have large cloven feet. [potion of
                  | mutation]
  1228 | D:2      | Gained mutation: You are dopey. (Int -2) [potion of
                  | mutation]
  1228 | D:2      | Gained mutation: You have supernaturally acute eyesight.
                  | (SInv) [potion of mutation]
  1456 | D:2      | Noticed Natasha
  1487 | D:2      | XOM: divination: detect items
  1521 | D:2      | Reached XP level 4. HP: 35/35 MP: 4/4
  1525 | D:2      | Killed Natasha
  1607 | D:2      | Noticed Natasha
  1613 | D:2      | Killed Natasha
  1614 | D:2      | Reached skill level 5 in Maces & Flails
  1890 | D:2      | Noticed Natasha
  1890 | D:2      | XOM: silly message
  1896 | D:2      | Killed Natasha
  1897 | D:2      | Reached XP level 5. HP: 30/41 MP: 5/5
  2217 | D:2      | Lost mutation: You have supernaturally acute eyesight.
                  | (SInv) [potion of mutation]
  2217 | D:2      | Lost mutation: You are dopey. (Int -2) [potion of mutation]
  2217 | D:2      | Gained mutation: You are dopey. (Int -2) [potion of
                  | mutation]
  2217 | D:2      | Gained mutation: You expend magic power (3 MP) to
                  | strengthen your wands. [potion of mutation]
  2217 | D:2      | Gained mutation: You have a pair of small horns on your
                  | head. [potion of mutation]
  2241 | D:3      | Found Xoamm's Jewellery Boutique.
  2242 | D:3      | XOM: potion effect (curing)
  2612 | D:3      | XOM: silly message
  3003 | D:4      | Noticed Blork the orc
  3010 | D:4      | XOM: silly message
  3011 | D:4      | Killed Blork the orc
  3012 | D:4      | Reached skill level 6 in Maces & Flails
  3012 | D:4      | Gained mutation: Your touch may inflict irresistible damage
                  | on your foes. [demonic ancestry]
  3012 | D:4      | Reached XP level 6. HP: 29/47 MP: 6/6
  3086 | D:4      | XOM: give mutations
  3086 | D:4      | Gained mutation: You possess an exceptional clarity of
                  | mind. [Xom's grace]
  3086 | D:4      | Gained mutation: Your spells are a little harder to cast,
                  | but a little more powerful. [Xom's grace]
  3293 | D:4      | Found a runed translucent door.
  3293 | D:4      | Noticed aChris07's ghost (amateur GrEE)
  3306 | D:4      | Found a shimmering altar of Xom.
  3306 | D:4      | XOM: 4-stop teleportation journey
  3649 | D:4      | Found an opulent altar of Gozag.
  3649 | D:4      | Found a faded altar of an unknown god.
  3656 | D:4      | Found a hide-covered altar of Uskayaw.
  3659 | D:4      | Found an iron altar of Okawaru.
  3661 | D:4      | Found a faded altar of an unknown god.
  3725 | D:4      | Killed aChris07's ghost
  3726 | D:4      | Reached skill level 7 in Maces & Flails
  3945 | D:5      | Entered Level 5 of the Dungeon
  4021 | D:5      | Found a staircase to the Ecumenical Temple.
  4031 | D:5      | Reached XP level 7. HP: 34/52 MP: 7/7
  4318 | D:5      | XOM: cloud trail
  4775 | D:5      | Reached skill level 8 in Maces & Flails
  4996 | D:5      | XOM is BORED!
  5014 | D:5      | XOM: 1-stop teleportation journey
  5130 | D:5      | XOM: give mutation
  5130 | D:5      | Gained mutation: Your muscles are strong. (Str +2) [Xom's
                  | grace]
  5203 | D:5      | XOM: give mutations
  5203 | D:5      | Lost mutation: You are dopey. (Int -2) [Xom's grace]
  5203 | D:5      | Gained mutation: You are strong-willed. (Will+) [Xom's
                  | grace]
  5203 | D:5      | Gained mutation: Your spells are harder to cast, but more
                  | powerful. [Xom's grace]
  5203 | D:5      | Gained mutation: You are robust. (+10% HP) [Xom's grace]
  5438 | D:6      | XOM: summons friendly iron imp
  5445 | D:6      | XOM: cast spell 'Summon Dragon'
  5449 | D:6      | XOM: cloud trail
  5503 | D:5      | XOM: god gift: ring of positive energy
  5903 | D:6      | Reached skill level 9 in Maces & Flails
  5903 | D:6      | Reached XP level 8. HP: 39/63 MP: 8/8
  6141 | D:6      | Found a broken altar of Ashenzari.
  6146 | D:6      | Found a shadowy altar of Dithmenos.
  6202 | D:6      | XOM: polymorph ice beast -> warg
  6453 | D:6      | XOM: 2-stop teleportation journey
  6631 | D:6      | XOM: god gift: Xom's Tome of Contradiction {god gift}
  6632 | D:6      | Got Xom's Tome of Contradiction {god gift}
  6642 | D:6      | XOM: divination: magic mapping
  6651 | D:6      | Reached skill level 10 in Maces & Flails
  6657 | D:6      | XOM: fog
  6658 | D:6      | XOM: divination: detect items
  6859 | D:6      | XOM: divination: detect items
  7380 | D:6      | XOM: summons friendly crimson imp
  7752 | D:6      | XOM: summons 2 friendly demons
  8033 | D:7      | Reached skill level 11 in Maces & Flails
  8041 | D:7      | XOM: enchant monster (good)
  8252 | D:6      | XOM: give mutations
  8252 | D:6      | Gained mutation: Your flesh is heat resistant. (rF+) [Xom's
                  | grace]
  8252 | D:6      | Gained mutation: Your muscles are very strong. (Str +4)
                  | [Xom's grace]
  8252 | D:6      | Gained mutation: Your mind is acute. (Int +2) [Xom's grace]
  8295 | D:7      | XOM: cast spell 'Necromutation'
  8299 | D:7      | Reached XP level 9. HP: 63/69 MP: 9/9
  8406 | D:7      | XOM: god gift: 21 gold pieces
  8661 | D:7      | Found a flagged portal.
  8666 | D:7      | XOM is BORED!
  8695 | D:7      | XOM: divination: detect items
  8840 | D:7      | Found a shimmering blue altar of Sif Muna.
  8876 | D:7      | XOM: god gift: hunting sling {god gift}
  8990 | D:7      | XOM: scenery: create altars
  8997 | D:7      | Reached skill level 12 in Maces & Flails
  9232 | D:8      | XOM: fog
  9243 | D:8      | XOM: god gift: 2 silver boomerangs
  9287 | D:8      | Noticed a centaur warrior
  9288 | D:8      | XOM: divination: magic mapping
  9288 | D:8      | XOM: butterfly on damage
  9299 | D:8      | Killed a centaur warrior
  9300 | D:8      | Reached skill level 13 in Maces & Flails
  9315 | D:8      | XOM: polymorph butterfly -> adder
  9334 | D:8      | Gained mutation: Your touch may irresistibly damage your
                  | foes and sap their willpower. [demonic ancestry]
  9334 | D:8      | Reached XP level 10. HP: 14/77 MP: 10/10
  9359 | D:8      | Noticed a black mamba
  9436 | D:8      | XOM: give mutations
  9436 | D:8      | Gained mutation: Your mind is very acute. (Int +4) [Xom's
                  | mischief]
  9436 | D:8      | Lost mutation: Your flesh is heat resistant. (rF+) [Xom's
                  | mischief]
  9531 | D:8      | Noticed a guardian serpent
  9740 | D:8      | Noticed a guardian serpent
  9740 | D:8      | a human changed into a guardian serpent
  9741 | D:8      | XOM: potion effect (haste)
  9747 | D:8      | Found a large runed translucent door.
  9747 | D:8      | Found a large runed translucent door.
  9747 | D:8      | Noticed a green ugly thing
  9763 | D:8      | Noticed a two-headed ogre
  9763 | D:8      | Noticed Harold
  9764 | D:8      | XOM: enchant monster (good)
  9767 | D:8      | XOM: summons 4 friendly demons
  9768 | D:8      | XOM: summons 2 friendly demons
  9769 | D:8      | Killed from afar by an orc priest

Illustrated notes

Levels and vault maps discovered:
D:1:      eino_arrival_water_star, layout_basic, basic_ecumenical_altar,
          minmay_box_of_dots
D:2:      layout_basic, uniq_natasha, uniq_jessica
D:3:      layout_loops_cross, serial_shops, nicolae_shop_stone
D:4:      layout_cave_pools, chequers_temple_overflow_minitemple,
          mainiacjoe_overflow_catwalk, ebering_ghost_inner_flame,
          uniq_blork_the_orc
D:5:      layout_basic, minmay_temple_entry_arrows
D:6:      layout_loops_ring, mainiacjoe_overflow_tiny_flanked,
          ashenzari_conservatory_becter, minmay_gold_behind_fungi,
          hangedman_decor_clover_reticule, kennysheep_generic_room_3
D:7:      layout_basic, mainiacjoe_overflow_paths, enter_bailey_8, st_stairs_1,
          grunt_ministairs_6
D:8:      layout_cave_pods, ebering_ghost_disaster_area, minmay_curled_crystal,
          nzn_random_ring, uniq_psyche, uniq_maurice, uniq_harold

Skill      XL: |  1  2  3  4  5  6  7  8  9 |
---------------+----------------------------+-----
Maces & Flails | 3 4 5 6 7 9 11 13 | 13.5
Fighting       | |  3.0
Armour         | |  1.7
Dodging        | |  0.8

Action                   |  1- 3 |  4- 6 |  7- 9 | 10-12 || total
-------------------------+-------+-------+-------+-------++-------
Melee: Mace              |    81 |       |       |       ||    81
       Touch             |    15 |    15 |    58 |     5 ||    93
       Kick              |     2 |       |       |       ||     2
       Punch             |     1 |     1 |     2 |     3 ||     7
       Club              |     6 |    95 |   258 |    19 ||   378
       Headbutt          |       |    19 |    56 |     5 ||    80
  Use: Potion            |     2 |     1 |     3 |     3 ||     9
       Scroll            |       |     7 |     7 |     1 ||    15
 Stab: Petrified         |     6 |       |       |       ||     6
       Distracted        |       |       |     4 |       ||     4
Armor: Leather armour    |    34 |    24 |       |       ||    58
       Scale mail        |       |     3 |    98 |    11 ||   112
Dodge: Dodged            |    58 |    54 |   108 |    10 ||   230
